[Event "Titled Tuesday Blitz May 30 Late 2023"]
[White "KorolDimitriy75"]
[Black "Bashirli, Nail"]
[BlackFideId "13406809"]
[WhiteElo "2419"]
[BlackElo "2311"]
[Result "1-0"]
[Round "01"]
[TimeControl "180+2"]
[Date "2023.05.31"]
[WhiteClock "0:00:35"]
[BlackClock "0:00:00"]

1. d4 Nf6 2. c4 e6 3. Nc3 Bb4 4. Qc2 O-O 5. e4 d5 6. cxd5 exd5 7. e5 Ne4 8. Bd3 c5 9. Ne2 Nc6 10. O-O cxd4 11. Nxd5 Qxd5 12. Bxe4 Qxe5 13. Bxh7+ Kh8 14. Bf4 Qh5 15. Be4 Re8 16. f3 Be6 17. Rad1 Rad8 18. a3 Bc5 19. Kh1 Bb6 20. Ng3 Qc5 21. Qd2 Bc4 22. Rc1 Qb5 23. Rfe1 d3 24. Bg5 f6 25. Bxf6 Kg8 26. Bc3 Bd4 27. Nf5 Bxc3 28. Rxc3 Be6 29. a4 Qe5 30. Ng3 Nb4 31. Bh7+ Kxh7 32. Rxe5 Bf7 33. Rxe8 Rxe8 34. h3 Bg6 35. f4 Nd5 36. f5 Bf7 37. Rxd3 Nf6 38. Qg5 Re1+ 39. Kh2 Re5 40. Rd6 1-0


[Site "https://www.chess.com"]

[Event "Titled Tuesday Blitz May 30 Late 2023"]
[White "Halkias, Stelios"]
[Black "Srdanovic, Jovana"]
[WhiteFideId "4201809"]
[BlackFideId "954810"]
[WhiteElo "2451"]
[BlackElo "2169"]
[Result "1-0"]
[Round "01"]
[TimeControl "180+2"]
[Date "2023.05.31"]
[WhiteClock "0:02:33"]
[BlackClock "0:01:33"]

1. d4 d5 2. Nf3 Nf6 3. c4 c6 4. cxd5 cxd5 5. Nc3 Nc6 6. Bf4 Bf5 7. e3 e6 8. Bb5 Bb4 9. Ne5 O-O 10. Bxc6 Bxc3+ 11. bxc3 bxc6 12. g4 Be4 13. f3 Bg6 14. Nxc6 Qc8 15. Ne7+ Kh8 16. Nxc8 1-0


[Site "https://www.chess.com"]

[Event "Titled Tuesday Blitz May 30 Late 2023"]
[White "Mickiewicz, Piotr"]
[Black "Thomforde-Toates, Noah"]
[WhiteFideId "1114891"]
[BlackFideId "30951992"]
[WhiteElo "2246"]
[BlackElo "2735"]
[Result "0-1"]
[Round "01"]
[TimeControl "180+2"]
[Date "2023.05.31"]
[WhiteClock "0:00:15"]
[BlackClock "0:00:48"]

1. e4 d6 2. d4 Nf6 3. f3 c5 4. dxc5 Qa5+ 5. Nc3 Qxc5 6. Qe2 Nc6 7. Be3 Qa5 8. Qd2 g6 9. Bc4 Bg7 10. Nge2 O-O 11. O-O-O Be6 12. Bb3 Ne5 13. Kb1 Rfc8 14. Nd5 Qxd2 15. Rxd2 Bxd5 16. exd5 b5 17. Nd4 Rab8 18. Re1 a5 19. c3 a4 20. Bc2 Nxd5 21. Bg5 Bf6 22. Bxf6 Nxf6 23. f4 Nc4 24. Rde2 e6 25. a3 Nd5 26. g3 Kg7 27. Ka2 Na5 28. Bd3 Rc5 29. Nc2 Nb3 30. Nb4 Nxb4+ 31. axb4 Rc6 32. Bc2 d5 33. Bxb3 axb3+ 34. Kxb3 Ra8 35. Rd2 Rca6 36. h4 Ra1 37. Rdd1 Rxd1 38. Rxd1 Kf6 39. g4 h5 40. gxh5 gxh5 41. Rg1 Kf5 42. Rg5+ Kxf4 43. Rxh5 f5 44. Rh7 e5 45. Kc2 Rg8 46. h5 Rg2+ 47. Kb3 Ke4 48. h6 Rh2 49. Rh8 f4 50. Ka3 f3 51. b3 f2 52. Rf8 Ke3 53. c4 dxc4 54. bxc4 bxc4 55. b5 Rxh6 56. Kb4 e4 57. Kxc4 Ke2 58. Kd4 e3 0-1


[Site "https://www.chess.com"]

[Event "Titled Tuesday Blitz May 30 Late 2023"]
[White "Sieciechowicz, Marcin"]
[Black "Abduzhaparov"]
[WhiteFideId "1130170"]
[WhiteElo "2302"]
[BlackElo "2416"]
[Result "1-0"]
[Round "01"]
[TimeControl "180+2"]
[Date "2023.05.31"]
[WhiteClock "0:00:21"]
[BlackClock "0:00:03"]

1. d4 d6 2. Nf3 Nf6 3. c4 Nbd7 4. Nc3 e5 5. e4 Be7 6. Be2 O-O 7. O-O Re8 8. Re1 exd4 9. Nxd4 Bf8 10. f3 a5 11. Kh1 c6 12. Nc2 Nc5 13. Be3 Ne6 14. Qd2 Nh5 15. Rad1 Qh4 16. Kg1 Nef4 17. Bf1 g6 18. Qf2 Qxf2+ 19. Kxf2 a4 20. b3 axb3 21. axb3 Bg7 22. Na4 d5 23. cxd5 cxd5 24. exd5 Bf5 25. Nd4 Bd7 26. Nb5 Bxb5 27. Bxb5 Red8 28. Nb6 Ra2+ 29. Rd2 Rxd2+ 30. Bxd2 Bd4+ 31. Be3 Bxe3+ 32. Rxe3 Nxd5 33. Rd3 Nhf4 34. Rd4 Rd6 35. Nc4 Rf6 36. Nd2 Kg7 37. Bc4 Nb6 38. Ne4 Rc6 39. Bf1 Ne6 40. Rd2 Rc1 41. Nd6 Nd7 42. Nxb7 Ndc5 43. Nxc5 Nxc5 44. Bc4 Rb1 45. Rd5 Rb2+ 46. Kg3 h5 47. Rxc5 h4+ 48. Kh3 Rc2 49. Rc7 Kh6 50. Rxf7 g5 51. Rf6+ Kh5 52. Bf7# 1-0


[Site "https://www.chess.com"]

[Event "Titled Tuesday Blitz May 30 Late 2023"]
[White "Papayan, Oleg"]
[Black "Tanenbaum, Zachary"]
[WhiteFideId "4193911"]
[BlackFideId "2060850"]
[WhiteElo "2171"]
[BlackElo "2175"]
[Result "0-1"]
[Round "01"]
[TimeControl "180+2"]
[Date "2023.05.31"]
[WhiteClock "0:00:00"]
[BlackClock "0:01:46"]

1. e4 e5 2. Nf3 Nc6 3. Bb5 a6 4. Bxc6 dxc6 5. O-O Qd6 6. Na3 Be6 7. Qe2 f6 8. Nc4 Qd7 9. d4 exd4 10. Rd1 Bg4 11. c3 c5 12. h3 Bxf3 13. Qxf3 O-O-O 14. b3 Ne7 15. Bb2 Nc6 16. a4 Be7 17. Rd2 Qe6 18. Rad1 dxc3 19. Bxc3 Rxd2 20. Rxd2 Rd8 21. Rxd8+ Bxd8 22. Qe3 Be7 23. Qd3 Qd7 24. Qxd7+ Kxd7 25. Kf1 b5 26. axb5 axb5 27. Ne3 Nd4 28. Bxd4 cxd4 29. Nf5 c5 30. Nxg7 c4 31. bxc4 bxc4 32. Ke2 d3+ 33. Ke3 Bc5+ 34. Kf3 c3 0-1


[Site "https://www.chess.com"]

[Event "Titled Tuesday Blitz May 30 Late 2023"]
[White "Jaracz, Pawel"]
[Black "Alexikov, Alexander"]
[WhiteFideId "1102222"]
[BlackFideId "14103958"]
[WhiteElo "2438"]
[BlackElo "2186"]
[Result "1-0"]
[Round "01"]
[TimeControl "180+2"]
[Date "2023.05.31"]
[WhiteClock "0:00:11"]
[BlackClock "0:00:00"]

1. d4 Nf6 2. c4 g6 3. Nc3 Bg7 4. Bg5 d6 5. Qd2 h6 6. Bf4 Nc6 7. d5 e5 8. Be3 Ne7 9. f3 c6 10. g4 cxd5 11. cxd5 Qa5 12. O-O-O b5 13. Kb1 Bxg4 14. Bh3 Bf5+ 15. Bxf5 gxf5 16. Ne4 Qxd2 17. Nxf6+ Bxf6 18. Rxd2 Kd7 19. Nh3 Rhg8 20. Rdd1 f4 21. Bf2 Rg2 22. e4 a6 23. Rdg1 Rag8 24. Kc1 Rxg1+ 25. Rxg1 Rxg1+ 26. Bxg1 Nc8 27. Nf2 Bd8 28. Ng4 h5 29. Nh6 f6 30. Nf5 Bb6 31. Bxb6 Nxb6 32. b3 b4 33. h4 a5 34. Ng7 a4 35. Kc2 a3 36. Nxh5 Ke7 37. Ng7 Kf7 38. Nf5 Nc8 39. h5 Na7 40. Nxd6+ Kg7 41. Nf5+ Kf7 42. h6 Kg6 43. d6 Nc6 44. Kd3 Na5 45. d7 Nc6 46. Ne7+ Nxe7 47. d8=Q Kf7 48. Qd7 1-0


[Site "https://www.chess.com"]

[Event "Titled Tuesday Blitz May 30 Late 2023"]
[White "Devagharan, Devina"]
[Black "Barp, Alberto"]
[WhiteFideId "2061600"]
[BlackFideId "872555"]
[WhiteElo "2411"]
[BlackElo "2313"]
[Result "1/2-1/2"]
[Round "01"]
[TimeControl "180+2"]
[Date "2023.05.31"]
[WhiteClock "0:00:20"]
[BlackClock "0:00:58"]

1. d4 d5 2. c4 e6 3. Nc3 Nf6 4. cxd5 Nxd5 5. e4 Nxc3 6. bxc3 c5 7. Nf3 cxd4 8. cxd4 Bb4+ 9. Bd2 Bxd2+ 10. Qxd2 O-O 11. Be2 b6 12. O-O Bb7 13. Qe3 Nd7 14. Rac1 h6 15. Rfd1 Rc8 16. Rxc8 Qxc8 17. Rc1 Qa8 18. Nd2 Rc8 19. Rxc8+ Qxc8 20. Nc4 Qc6 21. f3 Qa4 22. Qb3 Bc6 23. Qxa4 Bxa4 24. Nb2 Bc2 25. Kf2 Kf8 26. Ke3 Ke7 27. Kd2 Bb1 28. Bc4 b5 29. Bb3 a5 30. Kc1 a4 31. Kxb1 axb3 32. axb3 f5 33. Kc2 fxe4 34. fxe4 Nf6 35. Kd3 e5 36. d5 Kd6 37. b4 Ng4 38. h3 Nf6 39. Ke3 Nh5 40. Nd3 g5 41. Kf3 Nf6 42. Nc5 h5 43. Ke3 h4 44. Kf3 Nh5 45. Nb7+ Kd7 46. Nc5+ Kd6 47. Nb7+ Kd7 48. Nc5+ Kd6 1/2-1/2


[Site "https://www.chess.com"]

[Event "Titled Tuesday Blitz May 30 Late 2023"]
[White "Kozionov, Kirill"]
[Black "Federzoni, Enzo"]
[WhiteFideId "24101729"]
[BlackFideId "2173301"]
[WhiteElo "2377"]
[BlackElo "2039"]
[Result "1-0"]
[Round "01"]
[TimeControl "180+2"]
[Date "2023.05.31"]
[WhiteClock "0:00:09"]
[BlackClock "0:00:04"]

1. e4 c5 2. d4 cxd4 3. Qxd4 Nc6 4. Qd3 g6 5. Nc3 Bg7 6. Nf3 Nf6 7. Be2 O-O 8. O-O d6 9. Nd5 Nxd5 10. exd5 Bf5 11. Qd1 Ne5 12. Nd4 Qc8 13. Bg5 Re8 14. c3 Bd7 15. Qb3 h6 16. Bd2 Ng4 17. Rae1 Nf6 18. Bf3 Qc5 19. Be3 Qa5 20. h3 Rab8 21. Re2 a6 22. Rfe1 Qc7 23. Bc1 Kf8 24. Bf4 a5 25. a4 Ng8 26. Qa3 Qc5 27. Qxc5 dxc5 28. Bxb8 cxd4 29. Be5 Bxe5 30. Rxe5 dxc3 31. bxc3 Bxa4 32. Ra1 b5 33. c4 Rc8 34. cxb5 Bxb5 35. Rxa5 Bd7 36. Ra7 Bf5 37. g4 Bc2 38. Kg2 f6 39. Re2 Bb3 40. Rb2 Bc4 41. Rbb7 Rc5 42. Rb8+ Kf7 43. Raa8 Rxd5 44. Rxg8 Rd3 45. Raf8+ Ke6 46. Rxg6 Ke5 47. Rxh6 e6 48. Rhxf6 Ra3 49. g5 Ra7 50. g6 Rg7 51. h4 Bd5 52. Bxd5 exd5 53. h5 d4 54. h6 Rc7 55. h7 Rc3 56. h8=Q 1-0


[Site "https://www.chess.com"]

[Event "Titled Tuesday Blitz May 30 Late 2023"]
[White "EsmeraldasAnderson03"]
[Black "Matinian, Nikita"]
[BlackFideId "24129100"]
[WhiteElo "2405"]
[BlackElo "2422"]
[Result "0-1"]
[Round "01"]
[TimeControl "180+2"]
[Date "2023.05.31"]
[WhiteClock "0:00:00"]
[BlackClock "0:00:37"]

1. d4 g6 2. Bf4 Bg7 3. e3 Nf6 4. Nf3 O-O 5. h3 d6 6. Bh2 Nbd7 7. Be2 b6 8. O-O Bb7 9. c4 Ne4 10. Qc2 e6 11. Nc3 f5 12. b4 g5 13. Nd2 Nxc3 14. Qxc3 f4 15. Bf3 Bxf3 16. Nxf3 Qf6 17. Qd3 Rae8 18. Qe4 Rf7 19. Rad1 Nf8 20. Qc6 Ree7 21. c5 Rd7 22. Nd2 Qg6 23. exf4 gxf4 24. Nf3 Bf6 25. Kh1 Bd8 26. Rfe1 Rg7 27. Rg1 Qh5 28. Rde1 Rdf7 29. Qa8 Bh4 30. Nxh4 Qxh4 31. Rxe6 Qxf2 32. a4 bxc5 33. dxc5 dxc5 34. b5 c4 35. Qd5 Nxe6 36. Qxe6 f3 0-1


[Site "https://www.chess.com"]

[Event "Titled Tuesday Blitz May 30 Late 2023"]
[White "Kushko, Dmitriy"]
[Black "ThaBarWa"]
[WhiteFideId "14162261"]
[WhiteElo "2230"]
[BlackElo "2402"]
[Result "1-0"]
[Round "01"]
[TimeControl "180+2"]
[Date "2023.05.31"]
[WhiteClock "0:00:57"]
[BlackClock "0:00:04"]

1. Nf3 Nf6 2. g3 d5 3. Bg2 c5 4. O-O Nc6 5. d4 e6 6. c4 Be7 7. cxd5 exd5 8. Nc3 O-O 9. Be3 c4 10. Ne5 Bb4 11. Bg5 Bxc3 12. bxc3 h6 13. Bxf6 Qxf6 14. f4 Rd8 15. e4 Ne7 16. Qe1 Qa6 17. f5 f6 18. Ng4 dxe4 19. Bxe4 Nd5 20. Bxd5+ Rxd5 21. Qe8+ Kh7 22. Nxh6 gxh6 23. Qf7+ Kh8 24. Qxd5 1-0


[Site "https://www.chess.com"]

[Event "Titled Tuesday Blitz May 30 Late 2023"]
[White "micke12a"]
[Black "Rastbod, Ali"]
[BlackFideId "12567477"]
[WhiteElo "2401"]
[BlackElo "2274"]
[Result "0-1"]
[Round "01"]
[TimeControl "180+2"]
[Date "2023.05.31"]
[WhiteClock "0:00:00"]
[BlackClock "0:01:03"]

1. d4 d5 2. Bf4 c5 3. e3 cxd4 4. exd4 Nc6 5. c3 Bf5 6. Bd3 Bxd3 7. Qxd3 e6 8. Nf3 Bd6 9. Bxd6 Qxd6 10. O-O Nf6 11. Nbd2 O-O 12. Rfe1 Rab8 13. Ne5 b5 14. b4 Qc7 15. Nxc6 Qxc6 16. Nb3 Qc4 17. Nc5 Rfc8 18. Qxc4 dxc4 19. a4 Nd5 20. Rec1 Nc7 21. axb5 Nxb5 22. Ra5 Rd8 23. Kf1 Kf8 24. Ke2 Ke7 25. f4 h6 26. Kd2 g5 27. fxg5 hxg5 28. Kc2 Rh8 29. h3 g4 30. hxg4 Rhg8 31. Re1 Rxg4 32. Re2 Kd6 33. Ne4+ Kc6 34. Ra6+ Rb6 35. Rxb6+ axb6 36. Nd2 Nd6 37. Nf3 Rg7 38. Ne5+ Kd5 39. Nd7 Kc6 40. Ne5+ Kc7 41. Nf3 b5 42. Ne5 Nf5 43. g4 Ne7 44. Rf2 f5 45. gxf5 Nxf5 46. Kd2 Nd6 47. Ke3 Rg3+ 48. Rf3 Nf5+ 49. Ke4 Rg1 50. d5 Re1+ 51. Kf4 Nh4 52. Rh3 exd5 53. Rxh4 Re4+ 54. Kg3 Rxe5 55. Kf3 Kd6 56. Rh6+ Re6 57. Rh8 Re7 58. Rh6+ Kc7 59. Rg6 Re1 60. Rg7+ Kd6 61. Rg6+ Ke5 62. Rg5+ Ke6 63. Rg6+ Kf5 64. Rb6 Rc1 65. Rxb5 Rxc3+ 66. Ke2 Ke4 67. Rb8 Rb3 68. b5 Rb2+ 69. Kd1 Kd3 70. Kc1 c3 71. Rd8 Rxb5 72. Rh8 Kc4 73. Rh4+ d4 74. Rh8 Ra5 75. Rc8+ Kd3 76. Kb1 Rh5 77. Rg8 Rh1+ 78. Ka2 c2 79. Rg3+ Kc4 0-1


[Site "https://www.chess.com"]

[Event "Titled Tuesday Blitz May 30 Late 2023"]
[White "Prohaszka, Peter"]
[Black "Ansh M Shah"]
[WhiteFideId "726265"]
[BlackFideId "25033379"]
[WhiteElo "2626"]
[BlackElo "2084"]
[Result "1-0"]
[Round "01"]
[TimeControl "180+2"]
[Date "2023.05.31"]
[WhiteClock "0:01:25"]
[BlackClock "0:00:29"]

1. d4 Nf6 2. c3 e6 3. Bg5 h6 4. Bh4 d5 5. Nd2 b6 6. e3 Bb7 7. f4 Be7 8. Ngf3 Nbd7 9. Ne5 Ne4 10. Bxe7 Qxe7 11. Nxe4 dxe4 12. Bb5 c6 13. Nxc6 Bxc6 14. Bxc6 Rc8 15. Qa4 Rc7 16. Bxe4 O-O 17. O-O Qd6 18. Rad1 Re8 19. Bf3 Rec8 20. g3 Nf8 21. e4 Ng6 22. e5 Qe7 23. Be4 Nf8 24. Rf2 Nd7 25. f5 exf5 26. Bxf5 Re8 27. Rdf1 Nf8 28. Qb3 Ne6 29. Qd1 Ng5 30. h4 Ne6 31. d5 Qc5 32. dxe6 fxe6 33. Bg6 Rf8 34. Qd4 1-0


[Site "https://www.chess.com"]

[Event "Titled Tuesday Blitz May 30 Late 2023"]
[White "Gutkin, Ilya"]
[Black "Nazari, Arad"]
[WhiteFideId "16203470"]
[BlackFideId "12577324"]
[WhiteElo "2265"]
[BlackElo "2175"]
[Result "1-0"]
[Round "01"]
[TimeControl "180+2"]
[Date "2023.05.31"]
[WhiteClock "0:00:09"]
[BlackClock "0:00:05"]

1. Nf3 c5 2. c4 Nc6 3. d4 cxd4 4. Nxd4 g6 5. e4 Bg7 6. Be3 Nf6 7. Nc3 O-O 8. Be2 a5 9. O-O d6 10. f3 Bd7 11. Qd2 a4 12. Rfd1 Qa5 13. Nd5 Nxd5 14. cxd5 Nxd4 15. Bxd4 Rfc8 16. Qxa5 Rxa5 17. Bxg7 Kxg7 18. Rac1 Rac5 19. Rxc5 Rxc5 20. Bd3 Bb5 21. Bxb5 Rxb5 22. Rd2 f5 23. Kf2 Kf6 24. Ke3 Rb4 25. exf5 gxf5 26. g3 Kg5 27. h4+ Kh5 28. Rd4 Rxd4 29. Kxd4 f4 30. g4+ Kxh4 31. Ke4 Kg3 32. g5 b6 33. b4 b5 34. a3 Kf2 35. Kxf4 Ke2 36. Ke4 Kd2 37. f4 Kc2 38. f5 Kb3 39. f6 exf6 40. gxf6 Kxa3 41. f7 Kb2 42. f8=Q a3 43. Qf2+ Kb1 44. Qe1+ Kb2 45. Qd2+ Kb3 46. Qd1+ Kb2 47. Kd3 a2 48. Qc2+ Ka3 49. Qc1+ Kb3 50. Qc3+ Ka4 51. Qb2 1-0


[Site "https://www.chess.com"]

[Event "Titled Tuesday Blitz May 30 Late 2023"]
[White "Martinez Ramirez, Lennis"]
[Black "Papp, Petra"]
[WhiteFideId "3509079"]
[BlackFideId "739049"]
[WhiteElo "2410"]
[BlackElo "2259"]
[Result "1-0"]
[Round "01"]
[TimeControl "180+2"]
[Date "2023.05.31"]
[WhiteClock "0:00:19"]
[BlackClock "0:00:00"]

1. c4 e5 2. Nc3 Nc6 3. g3 Bc5 4. Bg2 d6 5. a3 a6 6. b4 Ba7 7. e3 h5 8. h3 h4 9. g4 f5 10. gxf5 Bxf5 11. d3 Nf6 12. Nf3 Qd7 13. Ng5 O-O-O 14. b5 axb5 15. Nxb5 Bb6 16. Rb1 d5 17. cxd5 Nxd5 18. e4 Nf4 19. Bxf4 exf4 20. exf5 Qxf5 21. Qg4 Qxg4 22. hxg4 Ne5 23. O-O Rdf8 24. Bh3 f3 25. Ne6 Rf7 26. d4 Ng6 27. g5 Kb8 28. Rfc1 Nf4 29. Nxf4 Rxf4 30. Rc4 Rh5 31. Kh2 Rxg5 32. a4 Re4 33. Rb3 Rf4 34. Rcc3 Rg6 35. Rxf3 Rgf6 36. Rxf4 Rxf4 37. Kg2 Re4 38. Rf3 Re8 39. d5 c6 40. dxc6 bxc6 41. Nd6 Rd8 42. Nf5 g6 43. Nxh4 c5 44. Be6 Kc7 45. Nxg6 Rd6 46. Rf7+ Kb8 47. Bf5 c4 48. Ne5 Bc7 49. Nxc4 Rd4 50. Be6 Rd3 51. a5 Rd1 52. a6 Ra1 53. Rf8+ Ka7 54. Bc8 Ra4 55. Ne3 Bb8 56. Rf7+ Ka8 57. Bb7+ Ka7 58. Bc6+ Kb6 59. Bxa4 1-0


[Site "https://www.chess.com"]

[Event "Titled Tuesday Blitz May 30 Late 2023"]
[White "Gatterer, Florian"]
[Black "egorchess95"]
[WhiteFideId "811688"]
[WhiteElo "2221"]
[BlackElo "2694"]
[Result "1-0"]
[Round "01"]
[TimeControl "180+2"]
[Date "2023.05.31"]
[WhiteClock "0:00:21"]
[BlackClock "0:00:00"]

1. b3 d5 2. Bb2 Bf5 3. d3 e6 4. Nd2 Nf6 5. g3 c5 6. Bg2 Nc6 7. e4 dxe4 8. dxe4 Bg6 9. Nh3 Bd6 10. Qe2 e5 11. c3 Qe7 12. Nc4 Bc7 13. Ne3 Ba5 14. O-O O-O 15. Nd5 Nxd5 16. exd5 Nb8 17. c4 Nd7 18. f4 f6 19. f5 Bf7 20. Nf2 Bc7 21. Ne4 Rfd8 22. a4 Nf8 23. Kh1 a6 24. g4 b5 25. Rg1 bxc4 26. bxc4 g5 27. fxg6 Nxg6 28. Bc1 Nf4 29. Qf2 Bg6 30. Be3 Bb6 31. a5 Ba7 32. Bxf4 exf4 33. Qxf4 Rf8 34. d6 Qe6 35. Rgf1 Kg7 36. h4 Rae8 37. Ng3 Bb8 38. Rad1 h6 39. h5 Bh7 40. Rfe1 Qxe1+ 41. Rxe1 Rxe1+ 42. Kh2 Rd8 43. Qf2 Re6 44. Bd5 Rexd6 45. Kh3 R6d7 46. Nf5+ Kh8 47. Nxh6 Rf8 48. Nf5 1-0


[Site "https://www.chess.com"]

[Event "Titled Tuesday Blitz May 30 Late 2023"]
[White "Goltsev, Dmitry"]
[Black "Sadilek, Peter"]
[WhiteFideId "24176710"]
[BlackFideId "1616439"]
[WhiteElo "2356"]
[BlackElo "2227"]
[Result "0-1"]
[Round "01"]
[TimeControl "180+2"]
[Date "2023.05.31"]
[WhiteClock "0:00:19"]
[BlackClock "0:00:19"]

1. e4 e5 2. Nf3 d6 3. d4 exd4 4. Nxd4 Nf6 5. Nc3 g6 6. Be2 Bg7 7. O-O O-O 8. f3 c6 9. Bg5 h6 10. Bh4 Qb6 11. Bf2 Qc7 12. Qd2 Nbd7 13. Rad1 b5 14. a3 a6 15. Be3 Kh7 16. Nb3 Ne8 17. f4 a5 18. Bf3 b4 19. Na4 Ba6 20. Be2 Bb5 21. Bxb5 cxb5 22. axb4 axb4 23. e5 bxa4 24. exd6 Qc4 25. Nd4 a3 26. b3 Qc3 27. Qxc3 bxc3 28. Nb5 a2 29. Ra1 Ra5 30. Nc7 Nxd6 31. Rfd1 Nf5 32. Bf2 Nf6 33. b4 Ra3 34. b5 Ne4 35. b6 Nxf2 36. Kxf2 Bd4+ 37. Kf3 Bxb6 38. Nb5 Ra5 39. Nxc3 Rfa8 40. Rd3 Bd4 41. g4 Bxc3 42. Rxc3 Nd4+ 43. Ke4 Nb5 44. Rb3 Nd6+ 45. Kf3 Nc4 46. Ke2 g5 47. fxg5 hxg5 48. Rb4 Ne5 49. h3 Ng6 50. Kd3 Nf4+ 51. Kc3 Ra3+ 52. Kb2 Nxh3 53. Rb7 Kg6 54. c4 Nf2 55. Rb6+ f6 56. Rb5 Nd3+ 57. Kc2 Ne5 58. c5 Rg3 59. Kb2 Rxg4 60. Rb7 Rg2+ 61. Kb3 Rg3+ 62. Kb4 Nd3+ 63. Kc4 Ra4+ 64. Kb5 Rb4+ 65. Kc6 Rxb7 66. Kxb7 Nxc5+ 67. Kc6 Ne4 68. Rxa2 Kf5 69. Kd5 Rd3+ 70. Kc4 Rd7 71. Ra8 Kf4 72. Rg8 g4 73. Kb5 f5 74. Kc6 Rd3 75. Rd8 Rxd8 76. Kc7 Rd1 77. Kc6 g3 78. Kb5 g2 79. Ka6 Kf3 80. Kb7 f4 81. Ka8 Kf2 82. Kb7 f3 83. Ka8 Ng3 84. Kb7 Re1 85. Ka8 Kf1 86. Kb7 f2 87. Ka8 g1=Q 88. Kb7 Kg2 89. Ka8 Rb1 90. Ka7 Qc1 91. Ka6 Qa3# 0-1


[Site "https://www.chess.com"]

[Event "Titled Tuesday Blitz May 30 Late 2023"]
[White "Sliwicki, Damian"]
[Black "Danielyan, Vahe"]
[WhiteFideId "1127128"]
[BlackFideId "13304828"]
[WhiteElo "2030"]
[BlackElo "2423"]
[Result "0-1"]
[Round "01"]
[TimeControl "180+2"]
[Date "2023.05.31"]
[WhiteClock "0:00:00"]
[BlackClock "0:00:56"]

1. e4 c5 2. Nf3 e6 3. d4 cxd4 4. Nxd4 Nc6 5. Nc3 Qc7 6. g3 a6 7. Bg2 Bc5 8. Nb3 Be7 9. O-O b5 10. Re1 d6 11. Qg4 Ne5 12. Qe2 Bb7 13. f4 Nc4 14. Kh1 Nf6 15. e5 dxe5 16. fxe5 Nd7 17. Bf4 O-O 18. Ne4 Ndxe5 19. Nbd2 Qb6 20. b3 Nxd2 21. Nxd2 Bxg2+ 22. Qxg2 Ng6 23. Be3 Qc7 24. Ne4 Rac8 25. Rac1 Rfd8 26. c4 Qc6 27. cxb5 Qxb5 28. Rxc8 Rxc8 29. Bd4 Qd5 30. Ba1 Bb4 31. Qb2 e5 32. Qg2 Kh8 33. Rf1 f6 34. h4 Ne7 35. h5 h6 36. Qf3 Rc2 37. Rd1 Qa8 38. Rd7 Rc1+ 39. Kg2 Rxa1 40. Rxe7 Bxe7 41. Kh3 Qc8+ 42. g4 Rxa2 43. Ng3 Rc2 44. Qe4 Rc3 45. Qg6 e4 46. Kh4 f5+ 0-1


[Site "https://www.chess.com"]

[Event "Titled Tuesday Blitz May 30 Late 2023"]
[White "Domingo Nunez, Ruben"]
[Black "i_like_explosions"]
[WhiteFideId "22245570"]
[WhiteElo "2404"]
[BlackElo "2385"]
[Result "1-0"]
[Round "01"]
[TimeControl "180+2"]
[Date "2023.05.31"]
[WhiteClock "0:00:37"]
[BlackClock "0:00:10"]

1. c4 Nf6 2. Nf3 g6 3. g3 Bg7 4. Bg2 d6 5. O-O O-O 6. d4 c5 7. Nc3 Nc6 8. d5 Na5 9. Qd3 a6 10. Re1 Rb8 11. e4 b5 12. cxb5 axb5 13. e5 Ne8 14. Bf4 h6 15. h4 Bf5 16. Qd2 Nc7 17. Bxh6 Nc4 18. Qg5 f6 19. exf6 exf6 20. Qc1 Bxh6 21. Qxh6 Qd7 22. h5 g5 23. Ne4 Qg7 24. Qxg7+ Kxg7 25. b3 Bxe4 26. Rxe4 Ne5 27. Rd1 b4 28. Nd2 f5 29. Re2 Nb5 30. Nb1 Nd4 31. Re3 f4 32. Re4 f3 33. Bf1 g4 34. Nd2 Kh6 35. Rf4 Rf5 36. Ne4 Rd8 37. Rxd4 cxd4 38. Rxf5 d3 39. Rxe5 dxe5 40. d6 Kxh5 41. Bxd3 Kg6 42. Bb5 Kf5 43. Bc6 Ke6 44. d7 Rxd7 45. Nc5+ Kd6 46. Nxd7 Kxc6 47. Nxe5+ Kd5 48. Nxg4 Ke4 49. Nh2 Kd3 50. Nxf3 Kc2 51. Nd4+ Kb2 52. Nc6 Ka3 53. g4 Kxa2 54. Nxb4+ Kxb3 55. Nd3 Kc4 56. Kg2 Kd5 57. Kg3 Ke6 58. f4 Kf7 59. Kh4 1-0


[Site "https://www.chess.com"]

[Event "Titled Tuesday Blitz May 30 Late 2023"]
[White "Rangel, Daniel"]
[Black "Timmermans, Mark"]
[WhiteFideId "2124475"]
[BlackFideId "1026399"]
[WhiteElo "2256"]
[BlackElo "2460"]
[Result "0-1"]
[Round "01"]
[TimeControl "180+2"]
[Date "2023.05.31"]
[WhiteClock "0:02:04"]
[BlackClock "0:02:21"]

1. c4 Nf6 2. g3 e6 3. Nc3 d5 4. Bg2 Be7 5. Nf3 O-O 6. O-O d4 7. Na4 c5 8. b3 Nc6 9. e3 e5 10. Ba3 b6 11. Nxe5 Nxe5 12. Bxa8 Bg4 13. f3 Bh3 14. f4 Qxa8 15. Rf2 Neg4 16. Re2 d3 0-1


[Site "https://www.chess.com"]

[Event "Titled Tuesday Blitz May 30 Late 2023"]
[White "Kakabayev, Mergen"]
[Black "Arnold, Ken"]
[WhiteFideId "14002990"]
[BlackFideId "2056836"]
[WhiteElo "2188"]
[BlackElo "2381"]
[Result "0-1"]
[Round "01"]
[TimeControl "180+2"]
[Date "2023.05.31"]
[WhiteClock "0:02:51"]
[BlackClock "0:02:58"]

1. e4 c6 2. d4 d5 3. e5 Bf5 4. h4 h5 5. Bd3 Bxd3 6. Qxd3 e6 7. Bg5 Qb6 8. Nd2 Nd7 9. Ngf3 Qb5 10. c4 dxc4 11. Kd1 cxd3 0-1


[Site "https://www.chess.com"]

[Event "Titled Tuesday Blitz May 30 Late 2023"]
[White "Urbina Perez, Juan Antonio"]
[Black "Sun, Rick"]
[WhiteFideId "2217368"]
[BlackFideId "30909481"]
[WhiteElo "2197"]
[BlackElo "2169"]
[Result "0-1"]
[Round "01"]
[TimeControl "180+2"]
[Date "2023.05.31"]
[WhiteClock "0:00:04"]
[BlackClock "0:00:09"]

1. e4 d6 2. d4 Nf6 3. f3 Nbd7 4. Be3 e5 5. Ne2 Be7 6. Nbc3 c6 7. Qd2 Qc7 8. O-O-O b5 9. g4 b4 10. Nb1 c5 11. dxe5 Nxe5 12. Ng1 Be6 13. g5 Nfd7 14. f4 Ng4 15. f5 Bxa2 16. Bf4 Nge5 17. Bb5 O-O-O 18. Ne2 Qb6 19. Bxd7+ Nxd7 20. Qe3 Ne5 21. Nd2 f6 22. h4 Qa5 23. c3 Bf7 24. cxb4 cxb4 25. Nd4 Kb8 26. N2b3 Rc8+ 27. Kb1 Qa4 28. Rc1 Kb7 29. Qe2 Bxb3 30. Nxb3 Qxb3 31. Qb5+ Ka8 32. Bxe5 dxe5 33. Qd7 Kb8 34. Qxe7 Qd3+ 35. Ka2 Qa6+ 36. Kb3 Qd3+ 37. Ka4 Qa6+ 38. Kxb4 Ka8 39. Kb3 Rb8+ 40. Kc2 Rhc8+ 41. Kb1 Qd3+ 42. Ka2 Qa6+ 43. Qa3 Qxa3+ 44. bxa3 Rd8 45. Rc2 Rd4 46. Re1 Rb7 47. gxf6 gxf6 48. Rg2 Rb6 49. Rg8+ Kb7 50. Rg7+ Ka6 51. Rxh7 Rd2+ 52. Ka1 Rd3 53. Ka2 Rd2+ 54. Ka1 Rbb2 55. Rf7 Ra2+ 56. Kb1 Rdb2+ 57. Kc1 Rh2 58. Rxf6+ Kb5 59. Kb1 Rab2+ 60. Ka1 Ra2+ 61. Kb1 Ka4 62. Rc6 Rab2+ 63. Kc1 Ra2 64. Kb1 Rab2+ 65. Kc1 Rbf2 66. Ra6+ Kb3 67. Rxa7 Rc2+ 68. Kb1 Rb2+ 69. Ka1 Ra2+ 70. Kb1 Rhb2+ 71. Kc1 Ra1# 0-1


[Site "https://www.chess.com"]